SAA
ST. PETERSBURG THUNDER @ FT. POLK SOUTH THUNDER HAWKS
05/26/2041
 
TOP OF THE 1ST
St. Petersburg Thunder batting - Pitching for Ft. Polk South Thunder Hawks : RHP Gerard Tremwade
Pitching: RHP Gerard Tremwade
Batting: LHB Lorenzo Ortíz 0-0: Ball
1-0: SINGLE (Line Drive, 34D, EV 106.2 MPH)
Batting: LHB Caspar Fewings 0-0: SINGLE (Line Drive, 9LS, EV 90.6 MPH)
Lorenzo Ortíz to second
Runner from 2nd tries for 3rd, SAFE, throw by RF made to third
Batting: RHB Gene Blanton 0-0: Called Strike
0-1: Ball
1-1: Foul Ball, location: 2F
1-2: Strikes out swinging
Batting: LHB Carlos Leyva 0-0: Called Strike
0-1: Ball
1-1: Ball
2-1: Ball
3-1: Swinging Strike
3-2: SINGLE (Line Drive, 5D, EV 103.8 MPH)
Lorenzo Ortíz scores
Caspar Fewings to second
Batting: RHB Bearooz Yacoobi 0-0: Foul Ball, location: 2F
0-1: SINGLE (Groundball, 34D, EV 98.1 MPH)
Caspar Fewings to third
Carlos Leyva to second
Runner from 3rd tries for Home, SAFE, no throw by RF
Batting: RHB Alfred Coleman 0-0: Called Strike
0-1: Called Strike
0-2: Ball
1-2: DOUBLE (Line Drive, 89D, EV 107.5 MPH)
Carlos Leyva scores
Bearooz Yacoobi to third
Batting: SHB Tekkan Hayagawa 0-0: Ball
1-0: Single, Error in OF, E9, batter to second base (Line Drive, 89S, EV 103.1 MPH)
Bearooz Yacoobi scores
Alfred Coleman scores
Batting: RHB Adrián Sánchez 0-0: Ball
1-0: TRIPLE (Flyball, 9D, EV 99.4 MPH)
Tekkan Hayagawa scores
Batting: RHB Cristo Mercado 0-0: Fly out, F7 (Flyball, 7LM, EV 109.4 MPH)
Runner from 3rd tags up, OUT at HOME! 7-2
Top of the 1st over - 6 runs, 7 hits, 1 error, 0 left on base; St. Petersburg 6 - Ft. Polk South 0
BOTTOM OF THE 1ST
Ft. Polk South Thunder Hawks batting - Pitching for St. Petersburg Thunder : LHP Nick Dalton
Pitching: LHP Nick Dalton
Batting: LHB Marc Hayman 0-0: Ball
1-0: Called Strike
1-1: Ball
2-1: Called Strike
2-2: Foul Ball, location: 2F
2-2: Foul Ball, location: 2F
2-2: Ball
3-2: Strikes out swinging
Batting: RHB Dermott Mann 0-0: Fly out, F6 (Popup, 4M, EV 78.1 MPH)
Batting: LHB Remco Mastenbroek 0-0: Ball
1-0: Foul Ball, location: 2F
1-1: Ball
2-1: Fly out, F8 (Line Drive, 8LD, EV 91.2 MPH)
Bottom of the 1st over - 0 runs, 0 hits, 0 errors, 0 left on base; St. Petersburg 6 - Ft. Polk South 0
TOP OF THE 2ND
St. Petersburg Thunder batting - Pitching for Ft. Polk South Thunder Hawks : RHP Gerard Tremwade
Batting: LHB Lorenzo Ortíz 0-0: Ball
1-0: Foul Ball, location: 2F
1-1: Ball
2-1: Ball
3-1: Foul Ball, location: 2F
3-2: Ground out 4-3 (Groundball, 4S, EV 77.5 MPH)
Batting: LHB Caspar Fewings 0-0: Foul Ball, location: 2F
0-1: Foul Ball, location: 2F
0-2: Strikes out swinging
Batting: RHB Gene Blanton 0-0: Foul Ball, location: 2F
0-1: Ball
1-1: SINGLE (Groundball, 4D, EV 103.1 MPH)
Batting: LHB Carlos Leyva 0-0: Ball
1-0: Foul Ball, location: 2F
1-1: Ball
2-1: Ball
3-1: Ground out 4-3 (Groundball, 34, EV 84.4 MPH)
Top of the 2nd over - 0 runs, 1 hit, 0 errors, 1 left on base; St. Petersburg 6 - Ft. Polk South 0
BOTTOM OF THE 2ND
Ft. Polk South Thunder Hawks batting - Pitching for St. Petersburg Thunder : LHP Nick Dalton
Batting: RHB Christiaan Bunschoten 0-0: Ball
1-0: Called Strike
1-1: Foul Ball, location: 2F
1-2: Ball
2-2: Ball
3-2: Foul Ball, location: 2F
3-2: Foul Ball, location: 2F
3-2: Foul Ball, location: 2F
3-2: Foul Ball, location: 2F
3-2: Foul Ball, location: 2F
3-2: Foul Ball, location: 2F
3-2: SINGLE (Groundball, 34D, EV 103.8 MPH)
Batting: LHB Jorge Agramunt 0-0: Swinging Strike
0-1: Ball
1-1: Foul Ball, location: 2F
1-2: Ball
2-2: Foul Ball, location: 2F
2-2: Foul Ball, location: 2F
2-2: Foul Ball, location: 2F
2-2: Foul Ball, location: 2F
2-2: Fielders Choice at 2nd, 4-6 (Groundball, 4D, EV 98.1 MPH)
Batting: RHB Tora Tora 0-0: Called Strike
0-1: Foul Ball, location: 2F
0-2: Ball
1-2: Ball
2-2: Fly out, F9 (Flyball, 9, EV 84.4 MPH)
Batting: RHB Kyle Goodbrand 0-0: Called Strike
0-1: Ball
1-1: Ball
2-1: Ball
3-1: Base on Balls
Jorge Agramunt to second
Batting: RHB Raúl Colomo 0-0: Called Strike
0-1: Ball
1-1: SINGLE (Groundball, 4MD, EV 105.0 MPH)
Jorge Agramunt to third
Kyle Goodbrand to second
Batting: RHB Kamaaluddeen Kohli 0-0: Fly out, F7 (Flyball, 7LMF, EV 80.0 MPH)
Bottom of the 2nd over - 0 runs, 2 hits, 0 errors, 3 left on base; St. Petersburg 6 - Ft. Polk South 0
TOP OF THE 3RD
St. Petersburg Thunder batting - Pitching for Ft. Polk South Thunder Hawks : RHP Gerard Tremwade
Batting: RHB Bearooz Yacoobi 0-0: Foul Ball, location: 2F
0-1: Ball
1-1: Called Strike
1-2: Foul Ball, location: 2F
1-2: Strikes out swinging
Batting: RHB Alfred Coleman 0-0: Ball
1-0: Ball
2-0: Ball
3-0: Base on Balls
Batting: SHB Tekkan Hayagawa 0-0: Fielders Choice at 2nd, 4-6 (Groundball, 34, EV 90.0 MPH)
Batting: RHB Adrián Sánchez 0-0: Called Strike
0-1: Fly out, F9 (Flyball, 9LM, EV 92.5 MPH)
Top of the 3rd over - 0 runs, 0 hits, 0 errors, 1 left on base; St. Petersburg 6 - Ft. Polk South 0
BOTTOM OF THE 3RD
Ft. Polk South Thunder Hawks batting - Pitching for St. Petersburg Thunder : LHP Nick Dalton
Batting: LHB Marc Hayman 0-0: Ball
1-0: Ball
2-0: Called Strike
2-1: Foul Ball, location: 2F
2-2: Strikes out swinging
Batting: RHB Dermott Mann 0-0: Ball
1-0: Ball
2-0: Ball
3-0: Called Strike
3-1: Foul Ball, location: 2F
3-2: Foul Ball, location: 2F
3-2: Foul Ball, location: 2F
3-2: Base on Balls
Batting: LHB Remco Mastenbroek 0-0: Ball
1-0: Fly out, F7 (Flyball, 7, EV 90.0 MPH)
Batting: RHB Christiaan Bunschoten 0-0: Ball
1-0: Swinging Strike
1-1: Called Strike
1-2: Ball
2-2: Ball
3-2: Base on Balls
Dermott Mann to second
Batting: LHB Jorge Agramunt 0-0: Called Strike
0-1: Ball
1-1: Swinging Strike
1-2: Foul Ball, location: 2F
1-2: Ball
2-2: SINGLE (Flyball, 9LS, EV 90.6 MPH)
Dermott Mann to third
Christiaan Bunschoten to second
Runner from 3rd tries for Home, SAFE, throw by RF to home
Batting: RHB Tora Tora 0-0: Called Strike
0-1: Ball
1-1: SINGLE (Groundball, 56D, EV 104.4 MPH)
Christiaan Bunschoten to third
Jorge Agramunt to second
Runner from 3rd tries for Home, SAFE, throw by LF to home
Batting: RHB Kyle Goodbrand 0-0: Ball
1-0: Ball
2-0: Called Strike
2-1: Foul Ball, location: 2F
2-2: Ground out 4-3 (Groundball, 4, EV 84.4 MPH)
Bottom of the 3rd over - 2 runs, 2 hits, 0 errors, 2 left on base; St. Petersburg 6 - Ft. Polk South 2
TOP OF THE 4TH
St. Petersburg Thunder batting - Pitching for Ft. Polk South Thunder Hawks : RHP Gerard Tremwade
Batting: RHB Cristo Mercado 0-0: Reached on error, E1 (Groundball, P, EV 80.0 MPH)
Batting: LHB Lorenzo Ortíz 0-0: SINGLE (Groundball, 34D, EV 99.4 MPH)
Cristo Mercado to third
Batting: LHB Caspar Fewings 0-0: Called Strike
0-1: Swinging Strike
0-2: Ball
1-2: Foul Ball, location: 2F
1-2: TRIPLE (Line Drive, 9D, EV 106.9 MPH)
Cristo Mercado scores
Lorenzo Ortíz scores
Pitching: RHP Scott Richardson
Batting: RHB Gene Blanton 0-0: Ball
1-0: Ball
2-0: Fly out, F9 (Flyball, 89D, EV 90.6 MPH)
Runner from 3rd tags up, SCORES, throw by RF
Batting: LHB Carlos Leyva 0-0: Called Strike
0-1: DOUBLE (Line Drive, 89XD, EV 105.0 MPH)
Batting: RHB Bearooz Yacoobi 0-0: Ball
1-0: Called Strike
1-1: Swinging Strike
1-2: Strikes out looking
Batting: RHB Alfred Coleman 0-0: Ball
1-0: Ball
2-0: Ground out 5-3 (Groundball, 56, EV 100.6 MPH)
Top of the 4th over - 3 runs, 3 hits, 1 error, 1 left on base; St. Petersburg 9 - Ft. Polk South 2
BOTTOM OF THE 4TH
Ft. Polk South Thunder Hawks batting - Pitching for St. Petersburg Thunder : LHP Nick Dalton
Batting: RHB Raúl Colomo 0-0: Called Strike
0-1: Swinging Strike
0-2: Ball
1-2: Ball
2-2: Strikes out looking
Pitching: RHP Jack Walker
Batting: RHB Kamaaluddeen Kohli 0-0: Called Strike
0-1: Fly out, F7 (Flyball, 7S, EV 86.2 MPH)
Batting: LHB Marc Hayman 0-0: Ball
1-0: Ball
2-0: Fly out, F9 (Flyball, 9D, EV 96.2 MPH)
Bottom of the 4th over - 0 runs, 0 hits, 0 errors, 0 left on base; St. Petersburg 9 - Ft. Polk South 2
TOP OF THE 5TH
St. Petersburg Thunder batting - Pitching for Ft. Polk South Thunder Hawks : RHP Scott Richardson
Batting: SHB Tekkan Hayagawa 0-0: Ground out 4-3 (Groundball, 4, EV 81.9 MPH)
Batting: RHB Adrián Sánchez 0-0: Called Strike
0-1: Called Strike
0-2: Ball
1-2: Foul Ball, location: 2F
1-2: Foul Ball, location: 2F
1-2: Fly out, F8 (Flyball, 8RM, EV 93.1 MPH)
Batting: RHB Cristo Mercado 0-0: Called Strike
0-1: Swinging Strike
0-2: Strikes out looking
Top of the 5th over - 0 runs, 0 hits, 0 errors, 0 left on base; St. Petersburg 9 - Ft. Polk South 2
BOTTOM OF THE 5TH
Ft. Polk South Thunder Hawks batting - Pitching for St. Petersburg Thunder : RHP Jack Walker
Batting: RHB Dermott Mann 0-0: Ball
1-0: Called Strike
1-1: Ball
2-1: Foul Ball, location: 2F
2-2: Strikes out swinging
Batting: LHB Remco Mastenbroek 0-0: Called Strike
0-1: Ball
1-1: Ball
2-1: Swinging Strike
2-2: Ball
3-2: Foul Ball, location: 2F
3-2: Foul Ball, location: 2F
3-2: SOLO HOME RUN (Flyball, 89XD, EV 100.0 MPH), Distance : 392 ft
Batting: RHB Christiaan Bunschoten 0-0: Ball
1-0: Swinging Strike
1-1: Foul Ball, location: 2F
1-2: Ball
2-2: Foul Ball, location: 2F
2-2: Foul Ball, location: 2F
2-2: Ball
3-2: Fly out, F9 (Line Drive, 9, EV 93.8 MPH)
Batting: LHB Jorge Agramunt 0-0: Called Strike
0-1: Foul Ball, location: 2F
0-2: Ball
1-2: Ball
2-2: Ball
3-2: Base on Balls
Batting: RHB Tora Tora 0-0: Called Strike
0-1: Ball
1-1: Fly out, F7 (Line Drive, 78M, EV 107.5 MPH)
Bottom of the 5th over - 1 run, 1 hit, 0 errors, 1 left on base; St. Petersburg 9 - Ft. Polk South 3
TOP OF THE 6TH
St. Petersburg Thunder batting - Pitching for Ft. Polk South Thunder Hawks : RHP Scott Richardson
Batting: LHB Lorenzo Ortíz 0-0: Ball
1-0: Foul Ball, location: 2F
1-1: Foul Ball, location: 2F
1-2: Ball
2-2: Ball
3-2: Foul Ball, location: 2F
3-2: Base on Balls
Batting: LHB Caspar Fewings 0-0: Ball
1-0: Fielders Choice at 2nd, 4-6 (Groundball, 34, EV 88.1 MPH)
Batting: RHB Gene Blanton 0-0: Ball
1-0: Ball
2-0: Called Strike
2-1: SINGLE (Line Drive, 5D, EV 108.1 MPH)
Caspar Fewings to second
Batting: LHB Carlos Leyva 0-0: Ball
1-0: Ball
2-0: Ball
3-0: Called Strike
3-1: Swinging Strike
3-2: Fly out, F7 (Flyball, 7, EV 90.6 MPH)
Batting: RHB Bearooz Yacoobi 0-0: Swinging Strike
0-1: Foul Ball, location: 2F
0-2: Foul Ball, location: 2F
0-2: Foul Ball, location: 2F
0-2: Fly out, F8 (Line Drive, 8LM, EV 96.9 MPH)
Top of the 6th over - 0 runs, 1 hit, 0 errors, 2 left on base; St. Petersburg 9 - Ft. Polk South 3
BOTTOM OF THE 6TH
Ft. Polk South Thunder Hawks batting - Pitching for St. Petersburg Thunder : RHP Jack Walker
Batting: RHB Kyle Goodbrand 0-0: Ground out 6-3 (Groundball, 6M, EV 83.1 MPH)
Batting: RHB Raúl Colomo 0-0: Called Strike
0-1: Swinging Strike
0-2: Ball
1-2: Foul Ball, location: 2F
1-2: Ground out 5-3 (Groundball, 56S, EV 90.0 MPH)
Batting: RHB Kamaaluddeen Kohli 0-0: Foul Ball, location: 2F
0-1: Called Strike
0-2: Strikes out swinging
Bottom of the 6th over - 0 runs, 0 hits, 0 errors, 0 left on base; St. Petersburg 9 - Ft. Polk South 3
TOP OF THE 7TH
St. Petersburg Thunder batting - Pitching for Ft. Polk South Thunder Hawks : RHP Scott Richardson
Batting: RHB Alfred Coleman 0-0: Foul Ball, location: 2F
0-1: Ball
1-1: Foul Ball, location: 2F
1-2: Ball
2-2: Foul Ball, location: 2F
2-2: Foul Ball, location: 2F
2-2: Ball
3-2: Foul Ball, location: 2F
3-2: Foul Ball, location: 2F
3-2: Fly out, F7 (Flyball, 7LSF, EV 75.6 MPH)
Batting: SHB Tekkan Hayagawa 0-0: Ball
1-0: Foul Ball, location: 2F
1-1: Ball
2-1: Foul Ball, location: 2F
2-2: Ball
3-2: Foul Ball, location: 2F
3-2: Base on Balls
Pitching: LHP António Morterero
Batting: RHB Adrián Sánchez 0-0: Ball
1-0: Foul Ball, location: 2F
1-1: Ball
2-1: Ball
3-1: SINGLE (Flyball, 6D, EV 89.4 MPH)
Tekkan Hayagawa to second
Batting: RHB Cristo Mercado 0-0: Fielders Choice at 2nd, 3-6 (Groundball, 34, EV 90.6 MPH)
Tekkan Hayagawa to third
Batting: LHB Lorenzo Ortíz 0-0: Ball
1-0: Ball
2-0: SINGLE (Groundball, 34D, EV 95.6 MPH)
Tekkan Hayagawa scores
Cristo Mercado to second
Runner from 2nd tries for 3rd, SAFE, throw by RF made to third
Pinch Hitting: SHB Leonard Davis 0-0: Ball
1-0: Foul Ball, location: 2F
1-1: Foul Ball, location: 2F
1-2: Fielders Choice at 2nd, 5-4 (Groundball, 5, EV 96.2 MPH)
Top of the 7th over - 1 run, 2 hits, 0 errors, 2 left on base; St. Petersburg 10 - Ft. Polk South 3
BOTTOM OF THE 7TH
Ft. Polk South Thunder Hawks batting - Pitching for St. Petersburg Thunder : RHP Jack Walker
Now at 1B: Jaxton Goleta
Batting: LHB Marc Hayman 0-0: Foul Ball, location: 2F
0-1: Ground out 4-3 (Groundball, 4D, EV 103.1 MPH)
Batting: RHB Dermott Mann 0-0: Ball
1-0: Foul Ball, location: 2F
1-1: Fly out, F8 (Flyball, 8LM, EV 90.6 MPH)
Pinch Hitting: SHB Tomás Gálvez 0-0: Ball
1-0: Ball
2-0: Called Strike
2-1: Foul Ball, location: 2F
2-2: Foul Ball, location: 2F
2-2: Foul Ball, location: 2F
2-2: Foul Ball, location: 2F
2-2: Ball
3-2: Foul Ball, location: 2F
3-2: Fly out, F6 (Popup, 6, EV 75.6 MPH)
Bottom of the 7th over - 0 runs, 0 hits, 0 errors, 0 left on base; St. Petersburg 10 - Ft. Polk South 3
TOP OF THE 8TH
St. Petersburg Thunder batting - Pitching for Ft. Polk South Thunder Hawks : LHP António Morterero
Now in LF: Tomás Gálvez
Batting: RHB Gene Blanton 0-0: Ball
1-0: Called Strike
1-1: Ball
2-1: Ground out 1-3 (Groundball, 13S, EV 65.0 MPH)
Batting: LHB Carlos Leyva 0-0: Fly out, F8 (Flyball, 8LD, EV 100.0 MPH)
Batting: RHB Bearooz Yacoobi 0-0: Swinging Strike
0-1: Swinging Strike
0-2: Strikes out swinging
Top of the 8th over - 0 runs, 0 hits, 0 errors, 0 left on base; St. Petersburg 10 - Ft. Polk South 3
BOTTOM OF THE 8TH
Ft. Polk South Thunder Hawks batting - Pitching for St. Petersburg Thunder : RHP Jack Walker
Pinch Hitting: RHB Jasper Humphrey 0-0: Ball
1-0: Ball
2-0: Foul Ball, location: 2F
2-1: Called Strike
2-2: Ball
3-2: Fly out, F7 (Line Drive, 7, EV 108.1 MPH)
Batting: LHB Jorge Agramunt 0-0: Called Strike
0-1: Foul Ball, location: 2F
0-2: Ball
1-2: SINGLE (Groundball, 4MD, EV 100.6 MPH)
Pitching: LHP Curt Moore
Batting: RHB Tora Tora 0-0: Fly out, F8 (Line Drive, 8LM, EV 97.5 MPH)
Batting: RHB Kyle Goodbrand 0-0: Ball
1-0: Called Strike
1-1: Swinging Strike
1-2: Strikes out swinging
Bottom of the 8th over - 0 runs, 1 hit, 0 errors, 1 left on base; St. Petersburg 10 - Ft. Polk South 3
TOP OF THE 9TH
St. Petersburg Thunder batting - Pitching for Ft. Polk South Thunder Hawks : LHP António Morterero
Now at 1B: Madhavacharta Bhavalakar
Pinch Hitting: RHB Juan Guzmán 0-0: Ground out 5-3 (Groundball, 56S, EV 85.0 MPH)
Batting: SHB Tekkan Hayagawa 0-0: SINGLE (Groundball, 6MD, EV 96.2 MPH)
Batting: RHB Adrián Sánchez 0-0: Swinging Strike
0-1: Swinging Strike
0-2: Strikes out looking
Batting: RHB Cristo Mercado 0-0: Ball
1-0: Foul Ball, location: 2F
1-1: Swinging Strike
1-2: SINGLE (Groundball, 5D, EV 109.4 MPH)
Tekkan Hayagawa to second
Batting: LHB Lorenzo Ortíz 0-0: Foul Ball, location: 2F
0-1: Ball
1-1: Ball
2-1: Fielders Choice at 2nd, 6-4 (Groundball, 6, EV 97.5 MPH)
Top of the 9th over - 0 runs, 2 hits, 0 errors, 2 left on base; St. Petersburg 10 - Ft. Polk South 3
BOTTOM OF THE 9TH
Ft. Polk South Thunder Hawks batting - Pitching for St. Petersburg Thunder : LHP Curt Moore
Now in LF: Juan Guzmán
Pinch Hitting: RHB Martin Fish 0-0: Swinging Strike
0-1: Swinging Strike
0-2: SINGLE (Line Drive, 3D, EV 102.5 MPH)
Batting: RHB Kamaaluddeen Kohli 0-0: Foul Ball, location: 2F
0-1: Swinging Strike
0-2: Strikes out swinging
Batting: LHB Marc Hayman 0-0: Hit by Pitch
Martin Fish to second
Batting: RHB Dermott Mann 0-0: Foul Ball, location: 2F
0-1: Ball
1-1: SINGLE (Line Drive, 3D, EV 100.6 MPH)
Martin Fish to third
Marc Hayman to second
Batting: SHB Tomás Gálvez 0-0: Called Strike
0-1: Ball
1-1: Ground out 5-3 (Groundball, 56S, EV 80.6 MPH)
Martin Fish scores
Marc Hayman to third
Dermott Mann to second
Batting: RHB Madhavacharta Bhavalakar 0-0: Called Strike
0-1: Foul Ball, location: 2F
0-2: Foul Ball, location: 2F
0-2: Foul Ball, location: 2F
0-2: Ball
1-2: SINGLE (Line Drive, 7LS, EV 100.0 MPH)
Marc Hayman scores
Dermott Mann to third
Batting: LHB Jorge Agramunt 0-0: Called Strike
0-1: Ball
1-1: Foul Ball, location: 2F
1-2: Ball
2-2: Ball
3-2: Strikes out looking
Bottom of the 9th over - 2 runs, 3 hits, 0 errors, 2 left on base; St. Petersburg 10 - Ft. Polk South 5
Tuesday, January 5th, 2021 - OOTP Baseball 20.8 Build 74